 Dungeon Crawl Stone Soup version 0.23-a0-171-g5ae17c6 (webtiles) character file.

17246 grindst0ne the Destroyer (level 12, -5/59 HPs)
             Began as a Deep Elf Fire Elementalist on Sept 12, 2018.
             Was an Elder of Vehumet.
             Hit by a javelin thrown by Urug (26 damage)
             ... on level 2 of the Lair of Beasts.
             The game lasted 01:14:46 (18175 turns).

grindst0ne the Destroyer (DEFE)                    Turns: 18175, Time: 01:14:47

Health: -5/59      AC:  6    Str:  5    XL:     12   Next: 17%
Magic:  14/30      EV: 13    Int: 26    God:    Vehumet [****..]
Gold:   187        SH:  0    Dex: 15    Spells: 5/35 levels left

rFire    + . .     SeeInvis +   a - +1 dagger (venom)
rCold    . . .     Gourm    .   (no shield)
rNeg     . . .     Faith    .   h - +2 robe {rF+}
rPois    .         Spirit   .   (no helmet)
rElec    .         Reflect  .   v - +0 cloak
rCorr    .         Harm     .   (no gloves)
MR       +....                  d - +0 pair of boots
Stlth    ++........             (no amulet)
HPRegen  0.19/turn              f - ring of see invisible
MPRegen  0.22/turn              F - ring of wizardry

@: no status effects
A: no striking features
a: Renounce Religion


You were on level 2 of the Lair of Beasts.
You worshipped Vehumet.
Vehumet was greatly pleased with you.
You were not hungry.

You visited 3 branches of the dungeon, and saw 14 of its levels.
You also visited: Ossuary.

You collected 717 gold pieces.
You spent 530 gold pieces at shops.

Inventory:

Hand Weapons
 a - a +1 dagger of venom (weapon)
Armour
 d - a +0 pair of boots (worn)
 h - a +2 robe of fire resistance (worn)
 j - a +0 robe of magic resistance
 v - a +0 cloak (worn)
 C - a +0 troll leather armour
Jewellery
 f - a ring of see invisible (left hand)
 B - an uncursed ring of positive energy
 F - a ring of wizardry (right hand)
Wands
 o - a wand of flame (7)
 D - a wand of iceblast (16)
Scrolls
 e - a scroll of immolation {unknown}
 g - 4 scrolls of teleportation
 i - a scroll of enchant weapon
 k - 4 scrolls of remove curse
 n - 4 scrolls of amnesia
 r - 2 scrolls of fog
 u - a scroll of blinking {unknown}
 y - a scroll of holy word {unknown}
Potions
 l - 2 potions of resistance
 m - a potion of magic
 p - a potion of might {unknown}
 q - a potion of ambrosia
 s - 2 potions of brilliance
 t - 3 potions of haste
 w - 3 potions of berserk rage {unknown}
 x - 2 potions of mutation
 z - 2 potions of flight {unknown}
 A - 4 potions of curing
Comestibles
 c - 12 rations
 E - 6 chunks of flesh


   Skills:
 - Level 0.1 Fighting
 - Level 2.4 Dodging
 - Level 2.4 Stealth
 + Level 12.2 Spellcasting
 * Level 13.9 Conjurations
 - Level 5.0 Hexes
 - Level 5.1 Charms
 - Level 8.2 Fire Magic
 - Level 5.0 Air Magic
 - Level 7.0 Earth Magic


You had 5 spell levels left.
You knew the following spells:

 Your Spells              Type           Power        Failure   Level  Hunger
a - Flame Tongue          Conj/Fire      #####        1%          1    None
b - Throw Flame           Conj/Fire      ######       1%          2    None
c - Bolt of Magma         Conj/Fire/Erth ######....   1%          5    ###....
d - Fireball              Conj/Fire      ######....   1%          5    ###....
e - Fulminant Prism       Conj/Hex       ######....   1%          4    None
f - Airstrike             Air            #####.....   1%          4    None
g - Swiftness             Chrm/Air       #####...     1%          2    None
h - Orb of Destruction    Conj           ######....   1%          7    ######.

Your spell library contained the following spells:

 Spells                   Type           Power        Failure   Level  Hunger
 Bolt of Draining         Conj/Necr      ######....   1%          5    ###....
 Magic Dart               Conj           ####         0%          1    None
 Searing Ray              Conj           ######       0%          2    None
 Apportation              Tloc           ###...       1%          1    None
 Beastly Appendage        Tmut           ###...       1%          1    None
 Corona                   Hex            #####..      1%          1    None
 Shock                    Conj/Air       ####         1%          1    None
 Summon Butterflies       Summ           ###.....     1%          1    None
 Ensorcelled Hibernation  Hex/Ice        ####..       1%          2    None
 Confuse                  Hex            #####...     1%          3    None
 Conjure Flame            Conj/Fire      ######..     1%          3    None
 Dazzling Spray           Conj/Hex       ######       1%          3    None
 Inner Flame              Hex/Fire       ######..     1%          3    None
 Static Discharge         Conj/Air       ######..     1%          3    None
 Tukima's Dance           Hex            #####...     1%          3    None
 Force Lance              Conj/Tloc      ######..     1%          4    None
 Iskenderun's Mystic Bla  Conj           ######..     1%          4    None
 Sticky Flame             Conj/Fire      ######..     1%          4    None
 Iskenderun's Battlesphe  Conj/Chrm      ######..     1%          5    ###....
 Lightning Bolt           Conj/Air       ######....   1%          5    ###....
 Venom Bolt               Conj/Pois      ######....   1%          5    ###....
 Sticks to Snakes         Tmut           ###.....     2%          2    None
 Lesser Beckoning         Tloc           ###.......   4%          3    None
 Spider Form              Tmut/Pois      ###.......   4%          3    None
 Ice Form                 Ice/Tmut       ###.....     16%         4    None
 Metabolic Englaciation   Hex/Ice        ####......   16%         5    ###....
 Alistair's Intoxication  Tmut/Pois      ###.....     38%         5    ###....
 Blade Hands              Tmut           ###.......   38%         5    ###....
 Iron Shot                Conj/Erth      ######....   1%          6    #####..
 Bolt of Cold             Conj/Ice       ######....   4%          6    #####..
 Freezing Cloud           Conj/Ice/Air   #####.....   4%          6    #####..
 Spellforged Servitor     Conj/Summ      ######....   19%         7    ######.
 Invisibility             Hex            #####...     28%         6    #####..
 Ozocubu's Refrigeration  Ice            ###.......   45%         6    #####..
 Simulacrum               Ice/Necr       ###.......   89%         6    #####..


Dungeon Overview and Level Annotations

Branches:
Dungeon (11/15)            Temple (1/1) D:7            Lair (2/6) D:11
    Orc (0/2) D:11
  Swamp: Lair:2-4    Shoals: Lair:2-4     Snake: Lair:2-4    Spider: Lair:2-4

Altars:
Ashenzari
Cheibriados
Dithmenos
Elyvilon
Fedhas
Gozag
Hepliaklqana
Kikubaaqudgha
Makhleb
Nemelex Xobeh
Okawaru
Qazlal
Ru
Sif Muna
Trog
Uskayaw
Vehumet
Wu Jian
Xom
Yredelemnul
Zin
The Shining One

Shops:
D:4 *   D:5 !   D:8 (   D:11 *

Annotations:
D:8 exclusion: downstairs
D:10 exclusion: 2 downstairs
Lair:2 Urug


Message History

Aiming: Fireball (safe; 1% risk of failure)
Press: ? - help, Shift-Dir - straight line The fireball explodes!
The fireball engulfs Urug.
Urug is heavily wounded.
The fireball engulfs the plant.
The plant is heavily damaged.
Urug throws a javelin.
The javelin hits you!!
Your fulminant prism explodes!
The blast of energy engulfs the plant.
The plant is moderately damaged.
The blast of energy engulfs Urug.
Urug is severely wounded.
You hear a shout!
You hear a bellow! x2
Casting: Fireball (safe; 1% risk of failure)
Confirm with . or Enter, or press ? or * to list all spells.
Aiming: Orb of Destruction (safe; 1% risk of failure)
Press: ? - help, Shift-Dir - straight line, f - Urug
Aim: Urug, wielding an enchanted eveningstar and wearing a chain mail (severely Urug throws a javelin.
The javelin hits you!!
You die...

###.(##.≈≈≈≈
#.Po.P#.≈≈≈≈ .
##..<.....≈≈≈ #.
#........>.≈≈ #.≈♣♣♣
#####........≈≈≈
♣≈≈P≈♣♣≈♣..'.......≈≈≈≈
≈≈♣≈P≈≈≈♣♣..P.....#...≈§
♣P≈≈≈PPP≈≈###.*...####..
♣≈≈≈≈≈≈≈≈♣P##.@...## #
P≈≈P≈≈P≈≈≈♣#P......#
≈♣≈≈P≈♣≈≈≈P#......##
♣P≈≈≈P≈≈≈≈♣♣.###..#
≈P≈≈≈≈≈♣≈≈≈♣.# #.##
≈≈≈≈;≈≈≈≈≈♣♣.# #..
♣≈≈≈≈≈≈≈≈P≈≈.# .##
≈≈≈≈≈≈≈ ≈P♣♣≈# .# P≈#


You could see Urug.

Vanquished Creatures
  A two-headed ogre (D:11)
  An unseen horror (D:11)
  2 ugly things (D:11)
  2 black mambas (Lair:1)
  2 gargoyles (D:10)
  2 spiny frogs (Lair:1)
  Psyche (D:8)
  2 komodo dragons
  2 trolls (D:11)
  4 hippogriffs
  Sigmund (D:3)
  20 yaks
  A basilisk (Lair:1)
  A hungry ghost (D:10)
  4 wargs (D:11)
  4 porcupines (Lair:1)
  5 water moccasins
  4 black bears
  An ice beast (D:6)
  5 orc warriors
  A sky beast (D:5)
  A necrophage (D:7)
  An eye of draining (D:10)
  7 ogres
  3 phantoms
  A centaur (D:6)
  4 wolves (Lair:1)
  3 crocodiles
  A big kobold (D:10)
  2 elf zombies (Ossuary)
  A gnoll sergeant (D:10)
  5 bullfrogs
  3 scorpions
  13 killer bees
  A vampire bat (D:5)
  2 howler monkeys (D:9)
  15 wights
  3 centaur zombies
  An electric eel (Lair:2)
  4 crimson imps
  2 bullfrog zombies (D:5)
  A bullfrog skeleton (D:10)
  6 orc priests
  A centaur skeleton (D:6)
  8 hounds
  A human zombie (Ossuary)
  13 orc wizards
  Crazy Yiuf (D:5)
  An iguana (D:10)
  Ijyb (D:5)
  7 worker ants
  2 big kobold zombies (Ossuary)
  A hound zombie (D:8)
  2 mummies (Ossuary)
  2 howler monkey zombies
  A worker ant zombie (D:5)
  14 gnolls
  A howler monkey skeleton (D:10)
  8 adders
  3 shadow imps
  An adder skeleton (D:8)
  3 worms
  4 dart slugs
  3 fire bats (D:5)
  5 leopard geckos
  51 orcs
  2 spectral bats (D:5)
  3 bat skeletons (D:5)
  A bat zombie (D:5)
  6 giant cockroaches
  7 goblins
  9 hobgoblins
  7 jackals
  14 kobolds
  A quokka (D:4)
  2 ball pythons
  17 bats
  A bat simulacrum (D:5)
  9 frilled lizards
  A goblin zombie (Ossuary)
  9 hobgoblin zombies (Ossuary)
  A jackal zombie (Ossuary)
  12 kobold zombies (Ossuary)
  A leopard gecko zombie (D:6)
  8 orc zombies (Ossuary)
  A quokka skeleton (D:5)
  8 rats
  A bush (D:10)
  A fungus (Lair:1)
  3 plants (D:11)
405 creatures vanquished.

Vanquished Creatures (others)
  33 fulminant prisms
  A fungus (Lair:1)
  3 plants (D:11)
  A withered plant (D:8)
38 creatures vanquished.

Grand Total: 443 creatures vanquished

Notes
Turn   | Place    | Note
-------+----------+-------------------------------------------
     0 | D:1      | grindst0ne the Deep Elf Fire Elementalist began the quest
                  | for the Orb.
     0 | D:1      | Reached XP level 1. HP: 10/10 MP: 6/6
   231 | D:1      | Reached XP level 2. HP: 13/15 MP: 4/8
   521 | D:1      | Learned a level 2 spell: Throw Flame
   708 | D:1      | Reached XP level 3. HP: 19/19 MP: 5/10
   764 | D:1      | Reached skill level 2 in Conjurations
  1598 | D:2      | Reached XP level 4. HP: 14/24 MP: 0/12
  1972 | D:3      | Reached skill level 3 in Conjurations
  2131 | D:3      | Reached XP level 5. HP: 17/28 MP: 0/13
  2771 | D:3      | Found a sparkling altar of Nemelex Xobeh.
  3017 | D:3      | Reached skill level 4 in Conjurations
  3187 | D:3      | Noticed Sigmund
  3215 | D:3      | Killed Sigmund
  3215 | D:3      | Reached skill level 5 in Spellcasting
  3215 | D:3      | Reached skill level 5 in Fire Magic
  3215 | D:3      | Reached XP level 6. HP: 32/32 MP: 6/16
  3450 | D:4      | Reached skill level 5 in Conjurations
  3589 | D:4      | Reached XP level 7. HP: 18/36 MP: 3/17
  3775 | D:4      | Found Ovirawkups's Assorted Antiques.
  3796 | D:4      | Bought a scroll of identify for 58 gold pieces
  4460 | D:4      | Reached skill level 6 in Conjurations
  4909 | D:5      | Entered Level 5 of the Dungeon
  4954 | D:5      | Noticed Ijyb
  4964 | D:5      | Killed Ijyb
  5122 | D:5      | Learned a level 5 spell: Bolt of Magma
  5128 | D:5      | Learned a level 5 spell: Fireball
  5135 | D:5      | Found a runed door.
  5285 | D:5      | Reached skill level 1 in Earth Magic
  5689 | D:5      | Reached XP level 8. HP: 41/41 MP: 13/19
  5724 | D:5      | Found Fipoucarr's Distillery.
  5729 | D:5      | Bought a potion of magic for 112 gold pieces
  5930 | D:5      | Reached skill level 7 in Conjurations
  6687 | D:5      | Noticed Crazy Yiuf
  6691 | D:5      | Killed Crazy Yiuf
  6729 | D:6      | Found a snail-covered altar of Cheibriados.
  6825 | D:6      | Learned a level 4 spell: Fulminant Prism
  6846 | D:6      | Learned a level 4 spell: Airstrike
  7396 | D:6      | Found a sand-covered staircase.
  7401 | Ossuary  | Entered an ossuary
  7720 | Ossuary  | Reached skill level 8 in Conjurations
  8282 | D:6      | Reached XP level 9. HP: 28/45 MP: 14/22
  8652 | D:6      | Reached skill level 5 in Earth Magic
  8966 | D:6      | Learned a level 2 spell: Swiftness
  8996 | D:7      | Found a staircase to the Ecumenical Temple.
  9006 | Temple   | Entered the Ecumenical Temple
  9144 | Temple   | Became a worshipper of Vehumet
  9386 | D:7      | Found a white marble altar of Elyvilon.
  9388 | D:7      | Found a glowing golden altar of the Shining One.
  9389 | D:7      | Found a blossoming altar of Fedhas.
  9495 | D:7      | Found an ornate altar of the Wu Jian Council.
  9495 | D:7      | Found a deep blue altar of Sif Muna.
  9496 | D:7      | Found a burning altar of Makhleb.
  9953 | D:7      | Reached skill level 9 in Conjurations
 10137 | D:7      | Found a shadowy altar of Dithmenos.
 10684 | D:8      | Reached * piety under Vehumet
 10684 | D:8      | Offered knowledge of Sandblast by Vehumet.
 10857 | D:8      | Found Putasik's Antique Weapon Shop.
 11004 | D:8      | Reached skill level 1 in Hexes
 11741 | D:8      | Noticed Psyche
 11744 | D:8      | Killed Psyche
 11744 | D:8      | Reached XP level 10. HP: 50/50 MP: 8/25
 12348 | D:9      | Reached skill level 1 in Charms
 12364 | D:9      | Reached skill level 10 in Conjurations
 12408 | D:9      | Offered knowledge of Throw Frost by Vehumet.
 12531 | D:9      | Reached ** piety under Vehumet
 13524 | D:10     | Entered Level 10 of the Dungeon
 13618 | D:10     | Noticed a gargoyle
 13790 | D:10     | Reached skill level 1 in Air Magic
 13791 | D:10     | Reached skill level 10 in Spellcasting
 13794 | D:10     | Offered knowledge of Ignite Poison by Vehumet.
 14250 | D:10     | Reached *** piety under Vehumet
 14386 | D:10     | Reached skill level 11 in Conjurations
 14599 | D:10     | Reached XP level 11. HP: 54/54 MP: 21/27
 14753 | D:10     | Offered knowledge of Mephitic Cloud by Vehumet.
 14753 | D:10     | Reached skill level 5 in Hexes
 14762 | D:10     | Learned a level 7 spell: Orb of Destruction
 15146 | D:11     | Noticed a cyan ugly thing
 15151 | D:11     | Noticed a white ugly thing
 15208 | D:11     | Noticed a two-headed ogre
 15213 | D:11     | Killed a two-headed ogre
 15213 | D:11     | Reached skill level 5 in Charms
 15517 | D:11     | Noticed an unseen horror
 15530 | D:11     | Killed an unseen horror
 15530 | D:11     | Reached skill level 5 in Air Magic
 15541 | D:11     | Reached **** piety under Vehumet
 15541 | D:11     | Reached skill level 12 in Conjurations
 15911 | D:11     | Found Menaery's General Store.
 15916 | D:11     | Killed a cyan ugly thing
 15933 | D:11     | Killed a cyan ugly thing
 16035 | D:11     | Bought an uncursed ring of wizardry for 360 gold pieces
 16150 | D:11     | Offered knowledge of Bolt of Draining by Vehumet.
 16201 | D:11     | Found a staircase to the Orcish Mines.
 16245 | D:11     | Found a staircase to the Lair.
 16534 | Lair:1   | Entered Level 1 of the Lair of Beasts
 16635 | Lair:1   | Reached skill level 13 in Conjurations
 17205 | Lair:1   | Reached XP level 12. HP: 34/59 MP: 9/29
 18171 | Lair:2   | Noticed Urug
 18175 | Lair:2   | Hit by a javelin thrown by Urug

Vault maps used:
D:1:      tarquinn_simple_flora_water_d
D:2:      minmay_tetromino_t4
D:3:      nemelex_xobeh_ov_fountains_minmay, first_ration, uniq_sigmund
D:4:      serial_shops, shop_statue, hangedman_abyss_or_decor_slice,
          minmay_misc_feat_doors
D:5:      cheibrodos_two_vegetables, serial_shops, shop, minmay_misc_feat_alley,
          goddamned_bats, uniq_crazy_yiuf_cottage, uniq_ijyb
D:6:      kennysheep_slug_shrine, enter_ossuary_2, grunt_decor_fettered
D:7:      grunt_temple_overflow_open, kennysheep_mini,
          minmay_temple_entry_poolview
D:8:      serial_shops, shop, serial_undead, serial_undead_b, serial_undead_c,
          serial_undead_c, serial_undead_e, uniq_psyche
D:9:      grunt_pizzeria
D:10:     minmay_hedge_maze
D:11:     david_lair_shrubbed, minmay_orc_entry_guard_dogs, serial_shops,
          nicolae_shop_stone
Temple:   oiseaux_autumnal_temple
Lair:1:   serial_bayou_shore_a
Lair:2:   minmay_snake_entry_guardpost_medium, serial_bayou_lake_a,
          infiniplex_staircase_pool, uniq_gastronok, uniq_urug
Ossuary:  ossuary_tomb_1

Skill      XL: |  1  2  3  4  5  6  7  8  9 10 11 12 |
---------------+-------------------------------------+-----
Fire Magic     | 4 5 6 7 8 |  8.2
Conjurations   | 2 3 4 5 6 8 9 11 13 | 13.9
Spellcasting   | 4 5 6 7 9 10 11 12 | 12.2
Earth Magic    | 1 4 7 |  7.0
Hexes          | 2 4 5 |  5.0
Charms         | 4 5 |  5.1
Air Magic      | 2 5 |  5.0
Fighting       | |  0.1
Dodging        | |  2.4
Stealth        | |  2.4

Action                   |  1- 3 |  4- 6 |  7- 9 | 10-12 || total
-------------------------+-------+-------+-------+-------++-------
Melee: Unarmed           |     5 |       |       |       ||     5
       Dagger            |     3 |     4 |    38 |     6 ||    51
 Cast: Flame Tongue      |    65 |    15 |   182 |   219 ||   481
       Throw Flame       |    19 |    76 |   224 |    85 ||   404
       Fireball          |       |       |    13 |    39 ||    52
       Bolt of Magma     |       |       |     6 |     9 ||    15
       Fulminant Prism   |       |       |     2 |    31 ||    33
       Swiftness         |       |       |     2 |     5 ||     7
       Airstrike         |       |       |       |    11 ||    11
       Orb of Destructio |       |       |       |     1 ||     1
Evoke: Wand              |       |       |       |     5 ||     5
  Use: Potion            |       |     1 |     6 |     4 ||    11
       Scroll            |       |     3 |     6 |     7 ||    16
 Stab: Sleeping          |     1 |       |       |     1 ||     2
  Eat: Chunk             |     2 |     6 |    13 |    21 ||    42
       Ration            |       |       |     5 |     2 ||     7
Armor: Robe              |     5 |     8 |    46 |    28 ||    87
       Skin              |       |       |       |    40 ||    40
Dodge: Dodged            |    42 |    32 |   154 |    83 ||   311

Table legend:
 A = Non-vault XP
 B = Vault XP
 C = Vault XP percentage of total XP
 D = Non-vault monster count
 E = Vault monster count
 F = Vault count percentage of total count
                 A         B        C        D         E       F
            +---------+---------+-------+---------+---------+-------
      Total |   21560 |    3078 |  12.5 |     314 |      86 |  21.5
            +---------+---------+-------+---------+---------+-------
        D:1 |      53 |       0 |   0.0 |      28 |       0 |   0.0
        D:2 |      44 |      11 |  20.0 |      14 |       4 |  22.2
        D:3 |     246 |     220 |  47.2 |      33 |       1 |   2.9
        D:4 |     456 |       0 |   0.0 |      15 |       0 |   0.0
        D:5 |     406 |     429 |  51.4 |      11 |      25 |  69.4
        D:6 |     791 |       4 |   0.5 |      18 |       1 |   5.3
        D:7 |    1063 |       0 |   0.0 |      18 |       0 |   0.0
        D:8 |    1073 |     871 |  44.8 |      39 |      10 |  20.4
        D:9 |    2045 |     125 |   5.8 |      31 |       1 |   3.1
       D:10 |    4143 |       0 |   0.0 |      44 |       0 |   0.0
       D:11 |    5399 |    1021 |  15.9 |      34 |       5 |  12.8
     Lair:1 |    5530 |       0 |   0.0 |      26 |       0 |   0.0
     Lair:2 |     311 |       0 |   0.0 |       3 |       0 |   0.0
    Ossuary |       0 |     397 | 100.0 |       0 |      39 | 100.0
            +---------+---------+-------+---------+---------+-------
